 Dungeon Crawl Stone Soup version 0.23-a0-642-g3120c2f (webtiles) character file.

6 TheGoonsmith the Skirmisher (level 2, 0/24 HPs)
             Began as a Formicid Abyssal Knight on Dec 31, 2018.
             Was a Follower of Lugonu.
             Slain by a gnoll
             ... wielding a +0 spear
              (9 damage)
             ... on level 1 of the Dungeon.
             The game lasted 00:00:37 (366 turns).

TheGoonsmith the Skirmisher (FoAK)                   Turns: 366, Time: 00:00:38

Health: 0/24       AC:  3    Str: 16    XL:     2   Next: 0%
Magic:  3/3        EV: 11    Int: 11    God:    Lugonu [*.....]
Gold:   0          SH:  0    Dex: 10    Spells: 1/1 levels left

rFire    . . .     SeeInvis +   a - +1 hand axe
rCold    . . .     Gourm    .   (no shield)
rNeg     . . .     Faith    .   b - +0 leather armour
rPois    .         Spirit   .   (helmet unavailable)
rElec    .         Reflect  .   (no cloak)
rCorr    .         Harm     .   (no gloves)
MR       .....                  (no boots)
Stlth    +.........             (no amulet)
HPRegen  0.08/turn              (no ring)
MPRegen  0.08/turn              (no ring)

@: no status effects
A: permanent stasis, dig shafts and tunnels, four strong arms, antennae 3
a: Dig, Shaft Self, Depart the Abyss, Renounce Religion


You were on level 1 of the Dungeon.
You worshipped Lugonu.
Lugonu was aware of your devotion.
You were not hungry.

You visited 1 branch of the dungeon, and saw 1 of its levels.
You visited the Abyss 1 time.

Inventory:

Hand Weapons
 a - a +1 hand axe (weapon)
Armour
 b - a +0 leather armour (worn)
Potions
 d - a potion of curing {unknown}
Comestibles
 c - 2 rations


   Skills:
 + Level 3.4 Fighting
 * Level 2.3 Axes
 + Level 2.3 Armour
 - Level 0.8 Dodging
 - Level 2.1 Invocations


You had one spell level left.
You didn't know any spells.
Your spell library was empty.

Dungeon Overview and Level Annotations

Branches:
Dungeon (1/15)

Altars:


Innate Abilities, Weirdness & Mutations

You cannot be hasted, slowed, berserked, paralysed or teleported.
You can dig through walls and to a lower floor.
Your four strong arms can wield two-handed weapons with a shield.
You have a pair of large antennae on your head. (SInv)


Message History

You barely miss the kobold. The kobold misses you.
The gnoll hits you from afar with a +0 spear.
The kobold closely misses you.
You closely miss the kobold.
The gnoll hits you from afar with a +0 spear!
The kobold hits you with a +0 dagger.
You are too injured to fight recklessly!
You are too injured to fight recklessly!
The gnoll barely misses you. The kobold closely misses you.
Found 16 gold pieces.
You closely miss the gnoll. You barely miss the kobold.
The gnoll hits you but does no damage. The kobold hits you with a +0 dagger.
You hit the gnoll.
The gnoll is lightly wounded.
You hit the kobold. The gnoll barely misses you.
The kobold hits you but does no damage.
You completely miss the gnoll.
The gnoll is lightly wounded.
You closely miss the kobold. The gnoll hits you with a +0 spear!
You die...

########
#......##########
#................
#......#.........
#......#.@g......
#......+K........
#......#.........
#......#.........
#......#........$
#......#.########
##.....#.#
###.##.##.# ###
########
#...##... ..#
#......#


You could see a gnoll and a kobold.

Vanquished Creatures
  A giant cockroach (D:1)
  3 hobgoblins (D:1)
  A rat (D:1)
5 creatures vanquished.

Notes
Turn   | Place    | Note
-------+----------+-------------------------------------------
     0 | Abyss:1  | TheGoonsmith the Formicid Abyssal Knight began the quest
                  | for the Orb.
     0 | Abyss:1  | Reached XP level 1. HP: 18/18 MP: 2/2
     3 | D:1      | Escaped the Abyss
    10 | D:1      | Noticed a hog
    10 | D:1      | Noticed a crocodile
    10 | D:1      | Noticed a black mamba
    10 | D:1      | Noticed a black bear
   295 | D:1      | Reached XP level 2. HP: 21/24 MP: 3/3
   366 | D:1      | Slain by a gnoll

Vault maps used:
D:1:      onia_arrival_zoo_common, grunt_decor_arrowhead, st_stairs_9

Action                   || total
-------------------------++-------
Melee: Hand axe          ||    28
Armor: Leather armour    ||     5
Dodge: Dodged            ||    20

Table legend:
 A = Non-vault XP
 B = Vault XP
 C = Vault XP percentage of total XP
 D = Non-vault monster count
 E = Vault monster count
 F = Vault count percentage of total count
                 A         B        C        D         E       F
            +---------+---------+-------+---------+---------+-------
      Total |       9 |       0 |   0.0 |       5 |       0 |   0.0
            +---------+---------+-------+---------+---------+-------
        D:1 |       9 |       0 |   0.0 |       5 |       0 |   0.0
            +---------+---------+-------+---------+---------+-------
